 Dungeon Crawl Stone Soup version 0.17-a0-1528-gfee3901 (webtiles) character file.

30 Duffy the Insei (level 3, 15/20 HPs)
             Began as a Vine Stalker Monk on July 15, 2015.
             Quit the game on level 2 of the Dungeon.
             The game lasted 00:01:21 (334 turns).

Duffy the Insei (Vine Stalker Monk)                  Turns: 334, Time: 00:01:21

Health: 15/20      AC:  6    Str: 13    XL:     3   Next: 18%
Magic:  4/4        EV: 12    Int: 10    God:
Gold:   30         SH:  0    Dex: 17    Spells: 0 memorised, 2 levels left

rFire  . . .     SeeInvis .       - Unarmed
rCold  . . .     Clarity  .     g - +0 ring mail
rNeg   . . .     SustAt   .     (no shield)
rPois  .         Gourm    .     e - +0 helmet
rElec  .         Spirit   +     (no cloak)
rCorr  .         Warding  .     (no gloves)
rMut   .         Stasis   .     (no boots)
MR     .....                    (no amulet)
Stlth  +++.......               (no ring)
                                f - ring of stealth

@: not resistant to hostile enchantments, fairly stealthy
A: fangs 2, regeneration 1, magic shield, antimagic bite, no device heal 3, rot
immunity
a: no special abilities


You were on level 2 of the Dungeon.
You were not hungry.

You visited 1 branch of the dungeon, and saw 2 of its levels.

You collected 30 gold pieces.


Innate Abilities, Weirdness & Mutations

You have extremely sharp teeth.
Your natural rate of healing is unusually fast.
When hurt, damage is shared between your health and your magic reserves.
Your bite disrupts and absorbs the magic of your enemies.
Potions and wands cannot restore your health.
You are immune to rotting.


   Skills:
 + Level 3.3 Fighting
 + Level 3.0 Dodging
 - Level 2.4 Stealth
 - Level 4.0 Unarmed Combat


You had 2 spell levels left.
You didn't know any spells.

Inventory:

Armour
 a - a +0 robe
 e - a +0 helmet (worn)
 g - a +0 ring mail (worn)
Jewellery
 f - a ring of stealth (left hand)
Comestibles
 b - a bread ration
 c - 2 meat rations
 d - a beef jerky

Dungeon Overview and Level Annotations

Branches:
Dungeon (2/15)

Altars:


Message History

Unknown command.
You hit the bat.
You kill the bat!
The jackal barely misses you. The jackal bites you.
A jackal comes into view.
The jackal barks!
The hobgoblin hits you but does no damage.
The jackal closely misses you.
You hit the jackal but do no damage.
The jackal bites you but does no damage.
The hobgoblin misses you. The jackal barely misses you.
You hit the jackal but do no damage. Your bite misses the jackal.
The hobgoblin hits you but does no damage.
The jackal barely misses you. The jackal misses you.
Unknown command.
You hit the jackal.
The jackal is moderately wounded.
The jackal barely misses you. The hobgoblin barely misses you.
The jackal completely misses you.
Unknown command.
You hit the jackal. Your bite misses the jackal.
The jackal is severely wounded.
The jackal bites you but does no damage.
The hobgoblin hits you but does no damage.
You hit the jackal.
You kill the jackal!
The hobgoblin barely misses you.
Unknown command.
You hit the adder.
The adder is heavily wounded.
The jackal bites you but does no damage.
The jackal barely misses you. The adder bites you but does no damage.
The hobgoblin hits you but does no damage.
The jackal misses you.
Are you sure you want to abandon this character and quit the game? (Confirm with "yes".)

..#####.....†...# .
#......#####...#####...
######...§≈##.$.......%
##...§≈##...###...
#....≈##..$.#
#.).§§##.†#.# ..
#...§§##....##....
########..§§##..hg.>..$#
......#..≈≈##.#.@#.......
..###.#.####...†hSh......
#.# #....##...####.......
#.######.#.... >#.....
#..# ........ .#.....
.#.##........ .#.....
.......####.... .
.###.... .... .....#. ...


You could see an adder, 3 jackals and a hobgoblin.

Action                   || total
-------------------------++-------
Melee: Unarmed           ||    64
 Stab: Sleeping          ||     2

Notes
Turn   | Place    | Note
--------------------------------------------------------------
     0 | D:1      | Duffy the Vine Stalker Monk began the quest for the Orb.
     0 | D:1      | Reached XP level 1. HP: 11/11 MP: 2/2
   149 | D:2      | Reached XP level 2. HP: 16/16 MP: 3/3
   233 | D:2      | Reached skill level 3 in Fighting
   309 | D:2      | Reached XP level 3. HP: 20/20 MP: 2/4
   325 | D:2      | Reached skill level 3 in Dodging
   334 | D:2      | Quit the game

Vault maps used:
D:1:      saegor_arrival_simple_f
D:2:      lemuel_crystal_altar, first_bread, kennysheep_nub,
          minmay_crystal_water, grunt_ministairs_8

Vanquished Creatures
  An adder
  A worm
  A giant cockroach
  4 goblins
  4 jackals
  4 bats
  3 kobolds
  3 rats
21 creatures vanquished.
